 Dungeon Crawl Stone Soup version 0.29.1-15-g9cfb28693d (webtiles) character file.

Game seed: 8199904498271628469

11446 Farfigtubin the Severer (level 11, -1/102 HPs)
             Began as a Hill Orc Fighter on Mar 1, 2023.
             Was a High Priest of Beogh.
             Slain by a komodo dragon (23 damage)
             ... on level 1 of the Lair of Beasts on Mar 3, 2023.
             The game lasted 01:44:23 (13334 turns).

Farfigtubin the Severer (Hill Orc Fighter)         Turns: 13334, Time: 01:44:23

Health: -1/102     AC: 19    Str: 24    XL:     11   Next: 77%
Magic:  11/11      EV:  4    Int:  8    God:    Beogh [*****.]
Gold:   705        SH: 17    Dex: 16    Spells: 10/10 levels left

rFire   . . .      SeeInvis .   a - +0 war axe
rCold   . . .      Faith    +   J - +0 tower shield {AC+3}
rNeg    . . .      Spirit   .   y - +0 plate armour
rPois   .          Reflect  .   (no helmet)
rElec   .          Harm     .   A - +0 cloak
rCorr   .          Rampage  .   O - +1 pair of gloves
Will    .....                   (no boots)
Stlth   ..........              o - amulet of faith
HPRegen 0.27/turn               K - +6 ring of dexterity
MPRegen 0.12/turn               (no ring)

@: no status effects
A: walk on water
a: Renounce Religion, Smiting, Recall Orcish Followers, Give Item to Named
Follower


You were on level 1 of the Lair of Beasts.
You worshipped Beogh.
Beogh was extremely pleased with you.
You visited 4 branches of the dungeon, and saw 14 of its levels.

You collected 1006 gold pieces.
You spent 301 gold pieces at shops.

Inventory:

Hand Weapons
 a - a +0 war axe (weapon)
 c - a +2 shortbow of freezing
 i - a +1 battleaxe of pain
 n - a +5 mace
Missiles
 k - 31 poisoned darts
 l - 110 stones (quivered)
 t - 9 boomerangs
 L - 5 silver javelins
 Q - 4 javelins
Armour
 u - a +0 chain mail of poison resistance
 y - a +0 plate armour (worn)
 A - a +0 cloak (worn)
 H - a scarf of invisibility
 J - a +0 tower shield of protection (worn)
 O - a +1 pair of gloves (worn)
Jewellery
 h - a +6 ring of intelligence
 o - an amulet of faith (around neck)
 I - a ring of willpower
 K - a +6 ring of dexterity (left hand)
Wands
 s - a wand of polymorph (12)
 x - a wand of paralysis (24)
 C - a wand of iceblast (2)
 D - a wand of flame (10)
 M - a wand of mindburst (13)
Scrolls
 b - 2 scrolls of identify {@r1}
 e - 2 scrolls of fog {unknown}
 f - 4 scrolls of teleportation
 j - a scroll of torment {unknown}
 p - 4 scrolls of enchant armour
 v - 3 scrolls of poison
 w - a scroll of magic mapping {unknown}
 F - a scroll of immolation {unknown}
 G - 2 scrolls of amnesia {unknown}
 N - a scroll of fear {unknown}
 P - a scroll of noise {unknown}
Potions
 d - 3 potions of might
 g - 3 potions of brilliance
 m - 4 potions of curing
 q - 2 potions of heal wounds
 r - a potion of resistance {unknown}
 z - a potion of flight {unknown}
 B - 2 potions of ambrosia
Miscellaneous
 E - a tin of tremorstones (2/2)


   Skills:
 + Level 11.1 Fighting
 * Level 16.1 Axes
 + Level 6.7 Armour
 + Level 10.2 Shields


You had 10 spell levels left.
You didn't know any spells.
Your spell library contained the following spells:

 Spells                   Type           Power      Damage    Failure   Level
 Ensorcelled Hibernation  Hex/Ice        0%         N/A       100%        2
 Passwall                 Tmut/Erth      0%         N/A       100%        2
 Ignite Poison            Fire/Tmut/Pois 0%         N/A       100%        3
 Mephitic Cloud           Conj/Pois/Air  0%         N/A       100%        3
 Spider Form              Tmut/Pois      0%         N/A       100%        3
 Stone Arrow              Conj/Erth      0%         3d7       100%        3
 Swiftness                Air            0%         N/A       100%        3
 Anguish                  Hex/Necr       0%         N/A       100%        4
 Animate Armour           Summ/Erth      0%         N/A       100%        4
 Freezing Cloud           Conj/Ice/Air   0%         6-21      100%        5
 Lehudib's Crystal Spear  Conj/Erth      0%         10d2      100%        8


Dungeon Overview and Level Annotations

Branches:
Dungeon (10/15)            Temple (1/1) D:4            Lair (1/5) D:9
    Orc (2/2) D:10
    Elf: Orc:2

Altars:
Ashenzari
Cheibriados
Dithmenos
Elyvilon
Fedhas
Gozag
Hepliaklqana
Kikubaaqudgha
Makhleb
Nemelex Xobeh
Okawaru
Qazlal
Ru
Sif Muna
Trog
Uskayaw
Vehumet
Wu Jian
Xom
Yredelemnul
Zin
The Shining One
Beogh

Shops:
D:2 :   D:6 *   Orc:1 *

Portals:
Abyss: D:8

Annotations:
D:8 2 transporters, Farfigtubin's ghost, novice HOFi


Message History

The komodo dragon bites you!!
You hit the komodo dragon but do no damage.
You slash the komodo dragon! You slash the fungus!
The fungus begins to die.
You hit the komodo dragon.
The komodo dragon bites you but does no damage.
You block the komodo dragon's attack. The komodo dragon bites you.
Your orc warrior hits the fungus with a +0 flail.
You closely miss the komodo dragon. You hit the komodo dragon. x2
You slash the fungus! You block the komodo dragon's attack.
The komodo dragon bites you. You block the komodo dragon's attack.
Your orc warrior hits the fungus with a +0 flail.
You hit the komodo dragon but do no damage.
You completely miss the komodo dragon. You hit the fungus.
You slash the komodo dragon! The komodo dragon bites you!!
You block the komodo dragon's attack. x2
Your orc warrior hits the fungus with a +0 flail!!
You closely miss the komodo dragon. You slice the fungus!!
You hit the komodo dragon but do no damage.
You slash the komodo dragon!
A nearby fungus withers and dies.
You block the komodo dragon's attack. x3
Your orc priest looks braver for a moment.
You closely miss the komodo dragon. You slash the komodo dragon!
You hit the komodo dragon but do no damage.
The komodo dragon bites you!
The komodo dragon bites your orc warrior.
The komodo dragon bites your orc warrior!
Your orc warrior hits the komodo dragon with a +0 flail!
The komodo dragon dies!
Beogh accepts your kill.
Beogh blesses Blodwig with healing.
Blodwig looks more experienced.
You hit the komodo dragon but do no damage.
You hit the komodo dragon.
The komodo dragon bites you but does no damage.
You block the komodo dragon's attack.
Blodwig hits the komodo dragon but does no damage.
You hit the komodo dragon but do no damage. x2
You slash the komodo dragon! The komodo dragon bites you!
* * * LOW HITPOINT WARNING * * *
The komodo dragon bites you!!
You die...

### ## ### ##
#.######P###.###.### ###.###
................... .......
.................+###..P....
......... .............P....
...####.####....#...........
...#####.##.....#..........$
..........+.....#l..........
...#.......#...o@l.....#
....#.....##....ol..........
..[.#+#.####....P......#....
...## ### #....#......# ...
..... .......#+P.##.. .
..... .................
..... ...................
..... ...................
.....


You could see 3 komodo dragons, the friendly Blodwig the orc warrior and a
friendly orc priest.

Vanquished Creatures
  An orc warlord (Orc:2)
  A boulder beetle (Orc:2)
  Joseph (D:7)
  A cane toad (Lair:1)
  An unseen horror (D:10)
  A blink frog (D:9)
  Grinder (D:6)
  8 yaks
  3 water moccasins
  2 black bears
  An orc warrior (D:10)
  4 sky beasts
  A centaur (D:6)
  5 ogres
  A kobold brigand (D:6)
  Blork the orc (D:4)
  6 bullfrogs
  2 gnoll sergeants
  2 scorpions
  9 wights
  9 killer bees
  2 howler monkeys
  A gnoll bouda (D:5)
  6 hounds
  2 jellies
  4 orc priests
  Jessica (D:3)
  5 iguanas
  Natasha (thrice) (D:4)
  6 orc wizards
  19 gnolls
  8 adders
  A shadow imp (D:7)
  A white imp (D:5)
  An ufetubus (D:7)
  4 worms
  A dart slug (D:2)
  24 orcs
  4 endoplasms
  2 giant cockroaches (D:4)
  6 goblins
  5 hobgoblins
  15 jackals
  8 kobolds
  7 quokkas
  10 ball pythons
  19 bats
  4 frilled lizards
  3 rats
233 creatures vanquished.

Vanquished Creatures (collateral kills)
  Nergalle (D:10)
  2 komodo dragons (Lair:1)
  2 trolls
  8 blink frogs
  11 yaks
  2 wargs (Orc:1)
  2 acid dragons (D:9)
  A water moccasin (D:9)
  3 orc warriors
  An ogre (Orc:1)
  A bullfrog (D:9)
  A gnoll sergeant (D:9)
  5 killer bees (D:9)
  An orc priest (Orc:2)
  3 orc wizards
  3 gnolls (D:9)
  4 orcs
51 creatures vanquished.

Vanquished Creatures (others)
  An orc sorcerer (Orc:1)
  2 orc warriors
  3 orc priests
  An orc wizard (D:10)
  15 orcs
  11 fungi
  8 plants
41 creatures vanquished.

Grand Total: 325 creatures vanquished

Notes
Turn   | Place    | Note
-------+----------+-------------------------------------------
     0 | D:1      | Farfigtubin the Hill Orc Fighter began the quest for the
                  | Orb.
     0 | D:1      | Reached XP level 1. HP: 19/19 MP: 1/1
    61 | D:1      | Reached skill level 3 in Axes
    64 | D:1      | Reached XP level 2. HP: 27/27 MP: 2/2
  1069 | D:2      | Reached XP level 3. HP: 33/33 MP: 3/3
  1117 | D:2      | Reached skill level 4 in Axes
  1149 | D:2      | Found Yloycwoc's Book Emporium.
  1526 | D:3      | Reached XP level 4. HP: 40/40 MP: 4/4
  1581 | D:3      | Noticed Jessica
  1587 | D:3      | Killed Jessica
  1785 | D:3      | Reached skill level 5 in Axes
  1915 | D:3      | Reached XP level 5. HP: 47/47 MP: 5/5
  2398 | D:4      | Noticed Natasha
  2410 | D:4      | Killed Natasha
  2511 | D:4      | Found a staircase to the Ecumenical Temple.
  2512 | D:4      | Became a worshipper of Beogh the Brigand
  2519 | D:4      | Reached skill level 5 in Fighting
  2519 | D:4      | Reached skill level 6 in Axes
  2519 | D:4      | Reached XP level 6. HP: 44/56 MP: 6/6
  2524 | Temple   | Entered the Ecumenical Temple
  2973 | D:4      | Noticed Natasha
  2978 | D:4      | Killed Natasha
  2991 | D:5      | Entered Level 5 of the Dungeon
  3037 | D:5      | Noticed a water moccasin
  3107 | D:4      | Noticed Blork the orc
  3121 | D:4      | Killed Blork the orc
  3183 | D:4      | Reached skill level 7 in Axes
  3183 | D:4      | Reached skill level 5 in Shields
  3222 | D:4      | Reached XP level 7. HP: 45/61 MP: 7/7
  3529 | D:1      | Reached * piety under Beogh
  3642 | D:1      | Found a faded altar of an unknown god.
  4181 | D:4      | Noticed Natasha
  4191 | D:4      | Killed Natasha
  4344 | D:5      | You fall into a shaft and drop 3 floors!
  4379 | D:7      | HP: 3/62 [orc wizard/+0 dagger (2)]
  4713 | D:7      | Noticed Joseph
  4855 | D:8      | Reached skill level 8 in Axes
  4935 | D:7      | Reached XP level 8. HP: 59/70 MP: 8/8
  5139 | D:8      | Found an iron altar of Okawaru.
  5314 | D:8      | Noticed a yak
  5353 | D:8      | Reached skill level 9 in Axes
  5391 | D:8      | Found a transporter.
  5425 | D:8      | Reached ** piety under Beogh
  5520 | D:8      | Found a transporter.
  5583 | D:8      | Found a one-way gate to the infinite horrors of the Abyss.
  5583 | D:8      | Noticed Farfigtubin's ghost (novice HOFi)
  5697 | D:8      | Killed a yak
  5698 | D:8      | Reached skill level 5 in Armour
  5853 | D:7      | Reached skill level 10 in Axes
  5853 | D:7      | Reached XP level 9. HP: 4/79 MP: 9/9
  6196 | D:6      | Noticed Grinder
  6204 | D:6      | Killed Grinder
  6248 | D:6      | Found Pigafec's Mass Market.
  6287 | D:6      | Bought a +0 tower shield of protection for 161 gold pieces
  6965 | D:4      | Reached skill level 11 in Axes
  7159 | D:5      | Reached *** piety under Beogh
  7619 | D:5      | Found an ornate altar of the Wu Jian Council.
  8241 | D:6      | Reached skill level 12 in Axes
  8241 | D:6      | Reached XP level 10. HP: 54/90 MP: 10/10
  8781 | D:7      | Killed Joseph
  9280 | D:9      | Found a staircase to the Lair.
  9737 | D:9      | Reached **** piety under Beogh
  9933 | D:9      | Reached skill level 13 in Axes
 10798 | Lair:1   | Entered Level 1 of the Lair of Beasts
 10961 | D:9      | Gained Okrist as an ally
 10967 | D:9      | Reached skill level 14 in Axes
 10972 | Lair:1   | Gained Nordag as an ally
 11219 | D:10     | Entered Level 10 of the Dungeon
 11234 | D:10     | Found a staircase to the Orcish Mines.
 11256 | D:10     | Noticed Nergalle
 11266 | D:10     | Killed Nergalle
 11267 | D:10     | Reached skill level 10 in Fighting
 11267 | D:10     | Reached XP level 11. HP: 84/99 MP: 11/11
 11635 | D:10     | Found a roughly hewn altar of Beogh.
 11646 | D:10     | Reached skill level 15 in Axes
 11648 | D:10     | Reached ***** piety under Beogh
 11660 | Orc:1    | Entered Level 1 of the Orcish Mines
 11809 | Orc:2    | Entered Level 2 of the Orcish Mines
 11828 | Orc:2    | Noticed a boulder beetle
 11845 | Orc:2    | HP: 4/101 [ogre/+0 giant spiked club (13)]
 11874 | Orc:2    | Killed a boulder beetle
 12002 | Orc:2    | Noticed an orc warlord
 12008 | Orc:2    | Noticed an orc sorcerer
 12011 | Orc:2    | Noticed a sixfirhy
 12013 | Orc:2    | Killed an orc warlord
 12412 | Orc:1    | Found Qogreps's Assorted Antiques.
 12449 | Orc:1    | Bought a scroll of identify for 70 gold pieces
 12449 | Orc:1    | Bought a scroll of identify for 70 gold pieces
 12470 | Orc:1    | Noticed an orc knight
 12676 | Orc:2    | Found a roughly hewn altar of Beogh.
 12780 | D:9      | Reached skill level 10 in Shields
 13158 | Lair:1   | Reached skill level 16 in Axes
 13332 | Lair:1   | Gained Blodwig as an ally
 13334 | Lair:1   | Slain by a komodo dragon

Illustrated notes

Levels and vault maps discovered:
D:1:      dpeg_arrival_refuge, layout_basic, hellmonk_ecumenical_altar_zigzags,
          supply_closet_lemuel, feat_on_display
D:2:      layout_basic, serial_shops, shop_statue
D:3:      layout_basic, roderic_batcave, grunt_decor_junction, uniq_jessica
D:4:      layout_loops_ring, minmay_temple_entry_proselytizer,
          uniq_blork_the_orc, uniq_natasha
D:5:      layout_rooms, nzn_wu_jian_council_hall, serial_rivers,
          chequers_serial_rivers_micro_e, chequers_serial_rivers_micro_c,
          chequers_serial_rivers_small_a, chequers_serial_rivers_micro_e,
          serial_park_tiny_1, wad_floor_pattern_untrapped
D:6:      layout_basic, minmay_shop_mass, uniq_grinder
D:7:      layout_loops_cross, uniq_joseph
D:8:      layout_cave_pools, okawaru_ov_weapons_minmay,
          gammafunk_ghost_abyssal_escape, kennysheep_small_circle
D:9:      layout_grid_maze, dpeg_oklobed_lair
D:10:     layout_gridville, minmay_orc_entry_temple_small, uniq_nergalle
Temple:   mainiacjoe_temple_cubbyholes
Lair:1:   layout_regular_city, beast_lair_carwin_2, lemuel_fruit_fields
Orc:1:    cheibrodos_orc_bank, layout_caves, basic_altar, serial_shops, shop,
          mines3_lemuel
Orc:2:    st_orc_congregation, layout_diamond_mine, basic_altar, rock_pile

Skill      XL: |  1  2  3  4  5  6  7  8  9 10 11 |
---------------+----------------------------------+-----
Axes           | 3 4 5 6 7 8 10 12 14 16 | 16.1
Fighting       | 4 5 6 7 8 10 11 | 11.1
Shields        | 4 5 6 7 9 10 | 10.2
Armour         | 4 5 6 |  6.7

Action                   |  1- 3 |  4- 6 |  7- 9 | 10-12 || total
-------------------------+-------+-------+-------+-------++-------
Melee: War axe           |   123 |   117 |   405 |   239 ||   884
Throw: Dart              |       |     8 |     5 |       ||    13
       Boomerang         |       |       |     7 |       ||     7
       Stone             |       |       |     4 |       ||     4
       Throwing net      |       |       |     1 |     1 ||     2
Invok: Convert to Beogh  |       |     1 |       |       ||     1
       Smiting           |       |       |       |     3 ||     3
       Recall Orcish Fol |       |       |       |     2 ||     2
       Stop Recall       |       |       |       |     1 ||     1
  Use: Potion            |       |       |     4 |     3 ||     7
       Scroll            |       |       |     1 |     7 ||     8
 Stab: Distracted        |       |       |       |     6 ||     6
Armor: Scale mail        |    59 |     8 |       |       ||    67
       Chain mail        |       |    74 |   177 |   120 ||   371
       Plate armour      |       |       |    67 |    36 ||   103
Dodge: Dodged            |    50 |    60 |    98 |    37 ||   245
Block: Buckler           |    28 |    35 |    48 |       ||   111
       Tower shield      |       |       |   170 |   276 ||   446
